TOP OF THE 1ST |
Jersey Shore D-Bags batting - Pitching for Nashville G-Strings : LHP Dave Huot
|
Pitching: LHP Dave Huot
|
|
Batting: RHB Javier Deleón
|
0-0: Ball 1-0: Ball 2-0: Called Strike 2-1: Foul Ball, location: 2F 2-2: Strikes out swinging
|
Batting: RHB Ricardo González
|
0-0: Called Strike 0-1: Called Strike 0-2: Ball 1-2: Ball 2-2: Foul Ball, location: 2F 2-2: SINGLE (Groundball, 6MD)
|
Batting: LHB Dave Dodd
|
0-0: Ball Ricardo González is caught stealing 2nd base 1-0: Called Strike 1-1: Ball 2-1: Ball 3-1: Base on Balls
|
Batting: RHB Miguel Serna
|
0-0: Fly out, F9 (Flyball, 9)
|
Top of the 1st over - 0 run(s), 1 hit(s), 0 error(s), 1 left on base; Jersey Shore 0 - Nashville 0 |
BOTTOM OF THE 1ST |
Nashville G-Strings batting - Pitching for Jersey Shore D-Bags : RHP Bob Moss
|
Pitching: RHP Bob Moss
|
|
Batting: SHB Jorge Flores
|
0-0: Foul Ball, location: 2F 0-1: Ball 1-1: Swinging Strike 1-2: Ball 2-2: Foul Ball, location: 2F 2-2: Fly out, F8 (Flyball, 8RS)
|
Batting: RHB Greg King
|
0-0: Foul Ball, location: 2F 0-1: Ball 1-1: Reached via error on a dropped throw, E3
|
Batting: RHB Sergio Márquez
|
0-0: Ball Greg King steals 2nd base 1-0: Swinging Strike 1-1: Ball 2-1: Called Strike 2-2: Foul Ball, location: 2F 2-2: SINGLE (Line Drive, 5S) Greg King to third Runner from 3rd tries for Home, SAFE, no throw
|
Batting: RHB Danny Campbell
|
0-0: Ball 1-0: Foul Ball, location: 2F 1-1: Foul Ball, location: 2F 1-2: Ball 2-2: Ball 3-2: Foul Ball, location: 2F 3-2: Strikes out looking
|
Batting: RHB Vicente Aguirre
|
0-0: Ball 1-0: Foul Ball, location: 2F 1-1: Ball 2-1: Fly out, F9 (Flyball, 9D)
|
Bottom of the 1st over - 1 run(s), 1 hit(s), 1 error(s), 1 left on base; Jersey Shore 0 - Nashville 1 |
TOP OF THE 2ND |
Jersey Shore D-Bags batting - Pitching for Nashville G-Strings : LHP Dave Huot
|
Batting: RHB Ben Morton
|
0-0: Ball 1-0: Ball 2-0: Fly out, F9 (Line Drive, 9D)
|
Batting: RHB Alonso Holguín
|
0-0: Foul Ball, location: 2F 0-1: Ball 1-1: Ground out 4-3 (Groundball, 34)
|
Batting: LHB Marcos Villarreal
|
0-0: Ball 1-0: Foul Ball, location: 2F 1-1: Ground out U3 (Groundball, 34)
|
Top of the 2nd over - 0 run(s), 0 hit(s), 0 error(s), 0 left on base; Jersey Shore 0 - Nashville 1 |
BOTTOM OF THE 2ND |
Nashville G-Strings batting - Pitching for Jersey Shore D-Bags : RHP Bob Moss
|
Batting: SHB Rob Grun
|
0-0: Foul Ball, location: 2F 0-1: Ball 1-1: Swinging Strike 1-2: Fly out, F8 (Flyball, 8LM)
|
Batting: RHB Wilson López
|
0-0: Swinging Strike 0-1: Ground out 6-3 (Groundball, 6)
|
Batting: SHB Martín Medina
|
0-0: Ball 1-0: Ground out 6-3 (Groundball, 6)
|
Bottom of the 2nd over - 0 run(s), 0 hit(s), 0 error(s), 0 left on base; Jersey Shore 0 - Nashville 1 |
TOP OF THE 3RD |
Jersey Shore D-Bags batting - Pitching for Nashville G-Strings : LHP Dave Huot
|
Batting: RHB Luis Ríos
|
0-0: Ball 1-0: Ball 2-0: Ball 3-0: Called Strike 3-1: Ground out 5-3 (Groundball, 56)
|
Batting: LHB Juan Hernández
|
0-0: Ball 1-0: Fly out, F3 (Line Drive, 3)
|
Batting: RHB Javier Deleón
|
0-0: Ball 1-0: Ball 2-0: Foul Ball, location: 2F 2-1: Called Strike 2-2: Strikes out swinging
|
Top of the 3rd over - 0 run(s), 0 hit(s), 0 error(s), 0 left on base; Jersey Shore 0 - Nashville 1 |
BOTTOM OF THE 3RD |
Nashville G-Strings batting - Pitching for Jersey Shore D-Bags : RHP Bob Moss
|
Batting: RHB Juan Costello
|
0-0: Ground out 6-3 (Groundball, 6)
|
Batting: SHB Jorge Flores
|
0-0: Ball 1-0: Foul Ball, location: 2F 1-1: Ball 2-1: Called Strike 2-2: Ball 3-2: Ground out 6-3 (Groundball, 6)
|
Batting: RHB Greg King
|
0-0: Called Strike 0-1: Foul Ball, location: 2F 0-2: Ball 1-2: Strikes out looking
|
Bottom of the 3rd over - 0 run(s), 0 hit(s), 0 error(s), 0 left on base; Jersey Shore 0 - Nashville 1 |
TOP OF THE 4TH |
Jersey Shore D-Bags batting - Pitching for Nashville G-Strings : LHP Dave Huot
|
Batting: RHB Ricardo González
|
0-0: Ball 1-0: Ball 2-0: Swinging Strike 2-1: Foul Ball, location: 2F 2-2: Ball 3-2: Foul Ball, location: 2F 3-2: Fly out, F1 (Line Drive, 15)
|
Batting: LHB Dave Dodd
|
0-0: SOLO HOME RUN (Flyball, 9LD), Distance : 436 ft
|
Batting: RHB Miguel Serna
|
0-0: Called Strike 0-1: Ball 1-1: Ball 2-1: Swinging Strike 2-2: Strikes out swinging
|
Batting: RHB Ben Morton
|
0-0: Ball 1-0: Ball 2-0: Foul Ball, location: 2F 2-1: Foul Ball, location: 2F 2-2: Ball 3-2: Base on Balls
|
Batting: RHB Alonso Holguín
|
0-0: Foul Ball, location: 2F 0-1: Foul Ball, location: 2F 0-2: SINGLE (Line Drive, 89M) Ben Morton to second Runner from 2nd tries for 3rd, SAFE, throw made to third
|
Batting: LHB Marcos Villarreal
|
0-0: Called Strike 0-1: Ball 1-1: Fly out, F9 (Flyball, 9S)
|
Top of the 4th over - 1 run(s), 2 hit(s), 0 error(s), 2 left on base; Jersey Shore 1 - Nashville 1 |
BOTTOM OF THE 4TH |
Nashville G-Strings batting - Pitching for Jersey Shore D-Bags : RHP Bob Moss
|
Batting: RHB Sergio Márquez
|
0-0: Fly out, F8 (Line Drive, 8RM)
|
Batting: RHB Danny Campbell
|
0-0: Ball 1-0: SINGLE (Groundball, 6MD)
|
Batting: RHB Vicente Aguirre
|
0-0: Called Strike 0-1: Ball 1-1: Ball 2-1: Foul Ball, location: 2F 2-2: Ball 3-2: Strikes out swinging Danny Campbell is caught stealing 2nd base Batter strikes out.
|
Bottom of the 4th over - 0 run(s), 1 hit(s), 0 error(s), 0 left on base; Jersey Shore 1 - Nashville 1 |
TOP OF THE 5TH |
Jersey Shore D-Bags batting - Pitching for Nashville G-Strings : LHP Dave Huot
|
Batting: RHB Luis Ríos
|
0-0: Ball 1-0: Swinging Strike 1-1: Ball 2-1: Called Strike 2-2: Strikes out swinging
|
Batting: LHB Juan Hernández
|
0-0: Fly out, F8 (Flyball, 8LD)
|
Batting: RHB Javier Deleón
|
0-0: Ball 1-0: Called Strike 1-1: Foul Ball, location: 2F 1-2: Fly out, F5 (Line Drive, 5)
|
Top of the 5th over - 0 run(s), 0 hit(s), 0 error(s), 0 left on base; Jersey Shore 1 - Nashville 1 |
BOTTOM OF THE 5TH |
Nashville G-Strings batting - Pitching for Jersey Shore D-Bags : RHP Bob Moss
|
Batting: SHB Rob Grun
|
0-0: Swinging Strike 0-1: Ball 1-1: Called Strike 1-2: Ball 2-2: Strikes out looking
|
Batting: RHB Wilson López
|
0-0: Called Strike 0-1: Swinging Strike 0-2: Strikes out swinging
|
Batting: SHB Martín Medina
|
0-0: Called Strike 0-1: Ball 1-1: Foul Ball, location: 2F 1-2: Strikes out swinging
|
Bottom of the 5th over - 0 run(s), 0 hit(s), 0 error(s), 0 left on base; Jersey Shore 1 - Nashville 1 |
TOP OF THE 6TH |
Jersey Shore D-Bags batting - Pitching for Nashville G-Strings : LHP Dave Huot
|
Batting: RHB Ricardo González
|
0-0: Ball 1-0: Foul Ball, location: 2F 1-1: Called Strike 1-2: Foul Ball, location: 2F 1-2: Ball 2-2: Fly out, F9 (Flyball, 9S)
|
Batting: LHB Dave Dodd
|
0-0: Ball 1-0: Ball 2-0: SINGLE (Line Drive, 34D)
|
Batting: RHB Miguel Serna
|
0-0: Fly out, F4 (Popup, 4D)
|
Batting: RHB Ben Morton
|
0-0: Called Strike 0-1: Foul Ball, location: 2F 0-2: Fly out, F8 (Flyball, 8RD)
|
Top of the 6th over - 0 run(s), 1 hit(s), 0 error(s), 1 left on base; Jersey Shore 1 - Nashville 1 |
BOTTOM OF THE 6TH |
Nashville G-Strings batting - Pitching for Jersey Shore D-Bags : RHP Bob Moss
|
Batting: RHB Juan Costello
|
0-0: Swinging Strike 0-1: Called Strike 0-2: Ball 1-2: Ball 2-2: Strikes out swinging
|
Batting: SHB Jorge Flores
|
0-0: Called Strike 0-1: Called Strike 0-2: Ball 1-2: Ball 2-2: Ball 3-2: Strikes out swinging
|
Batting: RHB Greg King
|
0-0: Foul Ball, location: 2F 0-1: Ball 1-1: Ground out 5-3 (Groundball, 5)
|
Bottom of the 6th over - 0 run(s), 0 hit(s), 0 error(s), 0 left on base; Jersey Shore 1 - Nashville 1 |
TOP OF THE 7TH |
Jersey Shore D-Bags batting - Pitching for Nashville G-Strings : LHP Dave Huot
|
Batting: RHB Alonso Holguín
|
0-0: Ball 1-0: Ground out 4-3 (Groundball, 4)
|
Batting: LHB Marcos Villarreal
|
0-0: Foul Ball, location: 2F 0-1: Ball 1-1: Ball 2-1: Swinging Strike 2-2: DOUBLE (Groundball, 3L)
|
Batting: RHB Luis Ríos
|
0-0: Called Strike 0-1: SINGLE (Groundball, 15S) (infield hit) Marcos Villarreal to third
|
Pinch Hitting: RHB Pat Fullerton
|
0-0: Fly out, F7 (Line Drive, 78M) Runner from 3rd tags up, SCORES, no throw
|
Batting: RHB Javier Deleón
|
0-0: Foul Ball, location: 2F 0-1: Ball 1-1: Called Strike 1-2: Foul Ball, location: 2F 1-2: Foul Ball, location: 2F 1-2: Foul Ball, location: 2F 1-2: Ball 2-2: Fly out, F5 (Line Drive, 5)
|
Top of the 7th over - 1 run(s), 2 hit(s), 0 error(s), 1 left on base; Jersey Shore 2 - Nashville 1 |
BOTTOM OF THE 7TH |
Nashville G-Strings batting - Pitching for Jersey Shore D-Bags : RHP Bob Moss
|
Now in RF: Pat Fullerton
|
|
Batting: RHB Sergio Márquez
|
0-0: Ground out 6-3 (Groundball, 6)
|
Batting: RHB Danny Campbell
|
0-0: Ball 1-0: Foul Ball, location: 2F 1-1: Ground out 4-3 (Groundball, 4M)
|
Batting: RHB Vicente Aguirre
|
0-0: Called Strike 0-1: Foul Ball, location: 2F 0-2: SINGLE (Groundball, 4MD)
|
Pinch Hitting: RHB António Ortega
|
0-0: Ball 1-0: Ball 2-0: Called Strike 2-1: Foul Ball, location: 2F 2-2: Ball 3-2: Foul Ball, location: 2F 3-2: Strikes out looking
|
Bottom of the 7th over - 0 run(s), 1 hit(s), 0 error(s), 1 left on base; Jersey Shore 2 - Nashville 1 |
TOP OF THE 8TH |
Jersey Shore D-Bags batting - Pitching for Nashville G-Strings : LHP Dave Huot
|
Pitching: RHP Ramiro Rivera
|
|
Now in RF: Jesús Núñez
|
|
Batting: RHB Ricardo González
|
0-0: Called Strike 0-1: Swinging Strike 0-2: Foul Ball, location: 2F 0-2: Ball 1-2: Ball 2-2: Foul Ball, location: 2F 2-2: Foul Ball, location: 2F 2-2: Ball 3-2: Foul Ball, location: 2F 3-2: Strikes out looking
|
Pitching: LHP Carlos Berru
|
|
Batting: LHB Dave Dodd
|
0-0: Called Strike 0-1: Called Strike 0-2: Strikes out looking
|
Pitching: LHP Raúl Sandoval
|
|
Batting: RHB Miguel Serna
|
0-0: Ball 1-0: Swinging Strike 1-1: Ball 2-1: Fly out, F8 (Line Drive, 8RD)
|
Top of the 8th over - 0 run(s), 0 hit(s), 0 error(s), 0 left on base; Jersey Shore 2 - Nashville 1 |
BOTTOM OF THE 8TH |
Nashville G-Strings batting - Pitching for Jersey Shore D-Bags : RHP Bob Moss
|
Pitching: LHP Hyo-chin Kim
|
|
Batting: RHB Wilson López
|
0-0: Called Strike 0-1: Foul Ball, location: 2F 0-2: Foul Ball, location: 2F 0-2: Ball 1-2: Ground out 6-3 (Groundball, 6)
|
Pitching: RHP Paco Gutiérrez
|
|
Batting: SHB Martín Medina
|
0-0: Ball 1-0: Ball 2-0: Called Strike 2-1: Ball 3-1: Base on Balls
|
Batting: RHB Juan Costello
|
0-0: Ball 1-0: Ball 2-0: Ball 3-0: Called Strike 3-1: Foul Ball, location: 2F 3-2: Base on Balls Martín Medina to second
|
Batting: SHB Jorge Flores
|
0-0: Swinging Strike 0-1: Swinging Strike 0-2: Strikes out swinging
|
Batting: RHB Greg King
|
0-0: Foul Ball, location: 2F 0-1: Swinging Strike 0-2: Foul Ball, location: 2F 0-2: Ball 1-2: Strikes out swinging
|
Bottom of the 8th over - 0 run(s), 0 hit(s), 0 error(s), 2 left on base; Jersey Shore 2 - Nashville 1 |
TOP OF THE 9TH |
Jersey Shore D-Bags batting - Pitching for Nashville G-Strings : LHP Raúl Sandoval
|
Batting: RHB Ben Morton
|
0-0: Ball 1-0: Ball 2-0: Foul Ball, location: 2F 2-1: Called Strike 2-2: DOUBLE (Line Drive, 89D)
|
Batting: RHB Alonso Holguín
|
0-0: Intentional Walk
|
Batting: LHB Marcos Villarreal
|
0-0: Ball 1-0: Foul Ball, location: 2F 1-1: Ball 2-1: Ball 3-1: Foul Ball, location: 2F 3-2: Ground out 4-3 (Groundball, 4S) Ben Morton to third Alonso Holguín to second
|
Batting: RHB Luis Ríos
|
0-0: Swinging Strike 0-1: Swinging Strike 0-2: Ball 1-2: Ball 2-2: Fly out, F6 (Line Drive, 6M)
|
Batting: RHB Pat Fullerton
|
0-0: Ball 1-0: Foul Ball, location: 2F 1-1: Ground out 4-3 (Groundball, 4)
|
Top of the 9th over - 0 run(s), 1 hit(s), 0 error(s), 2 left on base; Jersey Shore 2 - Nashville 1 |
BOTTOM OF THE 9TH |
Nashville G-Strings batting - Pitching for Jersey Shore D-Bags : RHP Paco Gutiérrez
|
Pitching: LHP Gerald Johnson
|
|
Batting: RHB Sergio Márquez
|
0-0: Ball 1-0: Called Strike 1-1: Swinging Strike 1-2: Ball 2-2: Fly out, F8 (Flyball, 8LM)
|
Batting: RHB Danny Campbell
|
0-0: Called Strike 0-1: Swinging Strike 0-2: Strikes out swinging
|
Batting: RHB Vicente Aguirre
|
0-0: Ball 1-0: Foul Ball, location: 2F 1-1: Foul Ball, location: 2F 1-2: Strikes out looking
|
Bottom of the 9th over - 0 run(s), 0 hit(s), 0 error(s), 0 left on base; Jersey Shore 2 - Nashville 1 |
|